Workbook

Sheet Aguinaldo
A1: Coloca en las celdas amarillas tus datos
A2: Salario diario sin prestaciones | B2: 213.25
A3: Dias que te dan de aguinaldo al año | B3: 15
A5: Resultados | B5: ISR según Ley ISR | C5: ISR opción reglamento
A6: Aguinaldo calculado | B6: =Calculos!B14 -> 3198.75 | C6: =B6 -> 3198.75
A7: Aguinaldo exento de impuestos | B7: =Calculos!B6 -> 2418 | C7: =B7 -> 2418
A8: ISR que te van a retener | B8: =Calculos!B19 -> 317.39 | C8: =Calculos!F19 -> 84
A9: Neto que vas a recibir | B9: =ROUND(B6-B8,0) -> 2881 | C9: =ROUND(C6-C8,0) -> 3115

Sheet Calculos
A1: Datos | E1: Aguinaldo | F1: =B14 -> 3198.75
A2: Días del mes | B2: 30 | E2: Exento | F2: =B15 -> -2418
A3: UMA mensual | B3: 80.6 | E3: Gravado | F3: =SUM(F1:F2) -> 780.75
A4: Salario diario | B4: =Aguinaldo!B2 -> 213.25 | E4: dias del año | F4: 365
A5: Dias de aguinaldo | B5: =Aguinaldo!B3 -> 15 | E5: Promedio | F5: =F3/F4 -> 2.1390411
A6: Aguinaldo exento | B6: =30*B3 -> 2418 | E6: Factor mensual | F6: 30.4
E7: Cociente | F7: =F5*F6 -> 65.026849
A8: En la nómina | E8: Salario mensual | F8: =B9 -> 6397.5
A9: Mensual de 30 días | B9: =B2*B4 -> 6397.5 | E9: Base gravable | F9: =ROUND(F8+F7,0) -> 6463
A10: ISR del Sueldo | B10: =IF(ISR!B32<0,0,ISR!B32) -> 196.46 | E10: Tarifa ISR | F10: =ISR!H32 -> 203.46
A11: Neto pagado | B11: =+B9+B10 -> 6593.96 | E11: ISR salario | F11: =B10 -> 196.46
E12: Diferencia | F12: =+F10-F11 -> 7
A13: Con el aguinaldo | B13: Ley Art. 96 | E13: Cociente | F13: =F7 -> 65.026849
A14: Aguinaldo | B14: =B5*B4 -> 3198.75 | E14: Tasa | F14: =F12/F13 -> 0.10764784
A15: Parte exenta | B15: =-B6 -> -2418
A16: Aguinaldo gravado | B16: =+B14+B15 -> 780.75 | E16: Aguinaldo gravado | F16: =F3 -> 780.75
A17: Sueldo mensual | B17: =B9 -> 6397.5 | E17: Tasa | F17: =F14 -> 0.10764784
A18: Base gravable | B18: =+B17+B16 -> 7178.25
A19: ISR del aguinaldo | B19: =ISR!E32 -> 317.39 | E19: ISR retener | F19: =ROUND(F16*F17,0) -> 84
A20: Neto pagado | B20: =+B17-B19 -> 6080.11
A22: Aguinaldo | B22: Ley Art. 96 | C22: RISR 174
A23: 15 días | B23: =B14 -> 3198.75 | C23: =B23 -> 3198.75
A24: Parte exenta | B24: =B15 -> -2418 | C24: =B24 -> -2418
A25: Parte que paga ISR | B25: =SUM(B23:B24) -> 780.75 | C25: =SUM(C23:C24) -> 780.75
A26: ISR del aguinaldo | B26: =+B19 -> 317.39 | C26: -91

Sheet ISR
A1: 2018
A2: TARIFA | B2: mensual | F2: SUBSIDIO AL EMPLEO
A4: LIMITE | B4: LIMITE | C4: CUOTA | D4: % | F4: INGRESO | G4: INGRESO | H4: SUBSIDIO
A5: INFERIOR | B5: SUPERIOR | C5: FIJA | F5: DESDE | G5: HASTA | H5: EMPLEO
A6: 0.01 | B6: 578.52 | C6: 0 | D6: 1.92 | F6: 0.01 | G6: 1768.96 | H6: 407.02
A7: 578.53 | B7: 4910.18 | C7: 11.11 | D7: 6.4 | F7: 1768.97 | G7: 2653.38 | H7: 406.83
A8: 4910.19 | B8: 8629.2 | C8: 288.33 | D8: 10.88 | F8: 2653.39 | G8: 3472.84 | H8: 406.62
A9: 8629.21 | B9: 10031.07 | C9: 692.96 | D9: 16 | F9: 3472.85 | G9: 3537.87 | H9: 392.77
A10: 10031.08 | B10: 12009.94 | C10: 917.26 | D10: 17.92 | F10: 3537.88 | G10: 4446.15 | H10: 382.46
A11: 12009.95 | B11: 24222.31 | C11: 1271.87 | D11: 21.36 | F11: 4446.16 | G11: 4717.18 | H11: 354.23
A12: 24222.32 | B12: 38177.69 | C12: 3880.44 | D12: 23.52 | F12: 4717.19 | G12: 5335.42 | H12: 324.87
A13: 38177.7 | B13: 72887.5 | C13: 7162.74 | D13: 30 | F13: 5335.43 | G13: 6224.67 | H13: 294.63
A14: 72887.51 | B14: 97183.33 | C14: 17575.69 | D14: 32 | F14: 6224.68 | G14: 7113.9 | H14: 253.54
A15: 97183.34 | B15: 291550 | C15: 25350.35 | D15: 34 | F15: 7113.91 | G15: 7382.33 | H15: 217.61
A16: 291550.01 | B16: 50000000 | C16: 91435.02 | D16: 35 | F16: 7382.34 | G16: 5000000 | H16: 0
A20: Mensual | B20: =[1]Tablas!A20 -> TARIFA | D20: ISR aguinaldo | G20: risr 174 | H20: =[1]Tablas!G20 -> 0
A21: INGRESOS | B21: =Calculos!B9 -> 6397.5 | D21: INGRESOS | E21: =Calculos!B18 -> 7178.25 | G21: INGRESOS | H21: =Calculos!F9 -> 6463
A22: LIMITE INFERIOR | B22: =VLOOKUP(B21,$A$6:$D$16,1) -> 4910.19 | D22: LIMITE INFERIOR | E22: =VLOOKUP(E21,$A$6:$D$16,1) -> 4910.19 | G22: LIMITE INFERIOR | H22: =VLOOKUP(H21,$A$6:$D$16,1) -> 4910.19
A23: EXCEDENTE | B23: =ROUND(B21-B22,2) -> 1487.31 | D23: EXCEDENTE | E23: =ROUND(E21-E22,2) -> 2268.06 | G23: EXCEDENTE | H23: =ROUND(H21-H22,2) -> 1552.81
A25: PORCENTAJE | B25: =VLOOKUP(B21,$A$6:$D$16,4) -> 10.88 | D25: PORCENTAJE | E25: =VLOOKUP(E21,$A$6:$D$16,4) -> 10.88 | G25: PORCENTAJE | H25: =VLOOKUP(H21,$A$6:$D$16,4) -> 10.88
A26: APLICADO | B26: =B23*(B25/100) -> 161.81933 | D26: APLICADO | E26: =E23*(E25/100) -> 246.76493 | G26: APLICADO | H26: =H23*(H25/100) -> 168.94573
A27: CUOTA FIJA | B27: =VLOOKUP(B21,$A$6:$D$16,3) -> 288.33 | D27: CUOTA FIJA | E27: =VLOOKUP(E21,$A$6:$D$16,3) -> 288.33 | G27: CUOTA FIJA | H27: =VLOOKUP(H21,$A$6:$D$16,3) -> 288.33
A28: IMPUESTO | B28: =ROUND(B26+B27,0) -> 450 | D28: IMPUESTO | E28: =ROUND(E26+E27,0) -> 535 | G28: IMPUESTO | H28: =ROUND(H26+H27,0) -> 457
A30: Subsidio | B30: =VLOOKUP(B21,$F$6:$H$16,3) -> 253.54 | D30: Subsidio | E30: =VLOOKUP(E21,$F$6:$H$16,3) -> 217.61 | G30: Subsidio | H30: =VLOOKUP(H21,$F$6:$H$16,3) -> 253.54
A32: ISR POR PAGAR | B32: =+B28-B30 -> 196.46 | D32: ISR POR PAGAR | E32: =+E28-E30 -> 317.39 | G32: ISR POR PAGAR | H32: =+H28-H30 -> 203.46
A33: NETO A PAGAR | B33: =+B21-B32 -> 6201.04 | D33: NETO A PAGAR | E33: =+E21-E32 -> 6860.86 | G33: NETO A PAGAR | H33: =+H21-H32 -> 6259.54
B34: =B28/B21 -> 0.070339977 | E34: =E28/E21 -> 0.0745307 | H34: =H28/H21 -> 0.070710197
